PBL
CALGARY FLAMES @ AMARILLO THUNDERHEADS
10/07/2049
 
TOP OF THE 1ST
Victoria Capitals batting - Pitching for Roswell Invaders : LHP Enrique Lopez
Pitching: LHP Enrique Lopez
Batting: RHB Justin Baum 0-0: Ball
1-0: Foul Ball, location: 2F
1-1: Called Strike
1-2: Ball
2-2: Strikes out swinging
Batting: RHB Mike McCann 0-0: Called Strike
0-1: Swinging Strike
0-2: SINGLE (Flyball, 8LS, EV 93.8 MPH)
Batting: SHB Jim Marn 0-0: Swinging Strike
0-1: Ball
1-1: 2-RUN HOME RUN (Line Drive, 7LD, EV 104.4 MPH), Distance : 356 ft
Batting: RHB Doug Schmelter 0-0: Fly out, F8 (Flyball, 8RM, EV 81.9 MPH)
Batting: RHB Sergio Fabian 0-0: Ball
1-0: SINGLE (Groundball, 6, EV 81.9 MPH) (infield hit)
Batting: RHB Justin Rasmusson 0-0: Ball
1-0: Ground out 6-3 (Groundball, 6S, EV 70.0 MPH)
Top of the 1st over - 2 runs, 3 hits, 0 errors, 1 left on base; Victoria 2 - Roswell 0
BOTTOM OF THE 1ST
Roswell Invaders batting - Pitching for Victoria Capitals : RHP Zhao-ying Nan
Pitching: RHP Zhao-ying Nan
Batting: RHB Hector Torres 0-0: Called Strike
0-1: Foul Ball, location: 2F
0-2: Ball
1-2: Ball
2-2: Strikes out swinging
Batting: LHB Todd Hecht 0-0: Ball
1-0: Called Strike
1-1: Foul Ball, location: 2F
1-2: Foul Ball, location: 2F
1-2: Ball
2-2: Strikes out looking
Batting: LHB Pete Dillon 0-0: Ball
1-0: Ground out 1-3 (Groundball, 15, EV 76.9 MPH)
Bottom of the 1st over - 0 runs, 0 hits, 0 errors, 0 left on base; Victoria 2 - Roswell 0
TOP OF THE 2ND
Victoria Capitals batting - Pitching for Roswell Invaders : LHP Enrique Lopez
Batting: RHB Josh Resser 0-0: Ball
1-0: SINGLE (Groundball, 56D, EV 96.3 MPH)
Batting: LHB Ed Devine 0-0: Ball
Josh Resser steals 2nd base
1-0: Called Strike
1-1: Fly out, F8 (Line Drive, 8RM, EV 93.1 MPH)
Batting: SHB Zhao-ying Nan 0-0: Ball
Josh Resser steals 3rd base
1-0: Called Strike
1-1: SINGLE (Line Drive, 78M, EV 109.4 MPH)
Josh Resser scores
Batting: RHB Justin Baum 0-0: Foul Ball, location: 2F
0-1: Foul Ball, location: 2F
0-2: Ball
1-2: Grounds into double play, 5-4-3 (Groundball, 56, EV 83.1 MPH)
Top of the 2nd over - 1 run, 2 hits, 0 errors, 0 left on base; Victoria 3 - Roswell 0
BOTTOM OF THE 2ND
Roswell Invaders batting - Pitching for Victoria Capitals : RHP Zhao-ying Nan
Batting: RHB Jose Valdez 0-0: Called Strike
0-1: Called Strike
0-2: Ball
1-2: Strikes out swinging
Batting: RHB Martin Berrios 0-0: Fly out, F9 (Flyball, 9S, EV 83.1 MPH)
Batting: RHB Rich Yoder 0-0: Ball
1-0: Ball
2-0: Fly out, F4 (Line Drive, 4, EV 70.6 MPH)
Bottom of the 2nd over - 0 runs, 0 hits, 0 errors, 0 left on base; Victoria 3 - Roswell 0
TOP OF THE 3RD
Victoria Capitals batting - Pitching for Roswell Invaders : LHP Enrique Lopez
Batting: RHB Mike McCann 0-0: Called Strike
0-1: Ground out 5-3 (Groundball, 56, EV 100.6 MPH)
Batting: SHB Jim Marn 0-0: Called Strike
0-1: Ball
1-1: Ball
2-1: Fly out, F8 (Flyball, 8RXD, EV 103.1 MPH)
Batting: RHB Doug Schmelter 0-0: Ground out 3-1 (Groundball, 3S, EV 63.8 MPH)
Top of the 3rd over - 0 runs, 0 hits, 0 errors, 0 left on base; Victoria 3 - Roswell 0
BOTTOM OF THE 3RD
Roswell Invaders batting - Pitching for Victoria Capitals : RHP Zhao-ying Nan
Batting: LHB Kyler Peterson 0-0: Ball
1-0: Swinging Strike
1-1: Called Strike
1-2: Foul Ball, location: 2F
1-2: Strikes out swinging
Batting: RHB David Larsen 0-0: Foul Ball, location: 2F
0-1: Ball
1-1: Fly out, F7 (Flyball, 7, EV 92.5 MPH)
Batting: LHB Enrique Lopez 0-0: Foul Ball, location: 2F
0-1: Ball
1-1: Ball
2-1: Called Strike
2-2: Strikes out looking
Bottom of the 3rd over - 0 runs, 0 hits, 0 errors, 0 left on base; Victoria 3 - Roswell 0
TOP OF THE 4TH
Victoria Capitals batting - Pitching for Roswell Invaders : LHP Enrique Lopez
Batting: RHB Sergio Fabian 0-0: DOUBLE (Line Drive, 5D, EV 101.9 MPH)
Batting: RHB Justin Rasmusson 0-0: Ball
1-0: Called Strike
1-1: Ground out 1-3 (Groundball, P, EV 80.0 MPH)
Sergio Fabian to third
Batting: RHB Josh Resser 0-0: Called Strike
0-1: Ball
Passed Ball!
Sergio Fabian scores
1-1: Ball
2-1: Ball
3-1: Called Strike
3-2: SINGLE (Line Drive, 34, EV 95.0 MPH)
Batting: LHB Ed Devine 0-0: Swinging Strike
Passed Ball!
Josh Resser to second
0-1: Single, Error in OF, E9, batter to second base (Groundball, 34D, EV 94.4 MPH)
Josh Resser scores
Batting: SHB Zhao-ying Nan 0-0: Fly out, F7 (Flyball, 78D, EV 91.9 MPH)
Batting: RHB Justin Baum 0-0: Ball
1-0: Ground out 5-3 (Groundball, 56, EV 90.0 MPH)
Top of the 4th over - 2 runs, 3 hits, 1 error, 1 left on base; Victoria 5 - Roswell 0
BOTTOM OF THE 4TH
Roswell Invaders batting - Pitching for Victoria Capitals : RHP Zhao-ying Nan
Batting: RHB Hector Torres 0-0: Called Strike
0-1: Ball
1-1: Ground out 5-3 (Groundball, 5L, EV 94.4 MPH)
Batting: LHB Todd Hecht 0-0: Ground out 1-3 (Groundball, 13, EV 85.0 MPH)
Batting: LHB Pete Dillon 0-0: Called Strike
0-1: Ball
1-1: Fly out, F8 (Flyball, 8LD, EV 96.9 MPH)
Bottom of the 4th over - 0 runs, 0 hits, 0 errors, 0 left on base; Victoria 5 - Roswell 0
TOP OF THE 5TH
Victoria Capitals batting - Pitching for Roswell Invaders : LHP Enrique Lopez
Batting: RHB Mike McCann 0-0: SINGLE (Line Drive, 89S, EV 87.5 MPH)
Batting: SHB Jim Marn 0-0: Ball
1-0: Swinging Strike
1-1: Swinging Strike
1-2: Strikes out looking
Batting: RHB Doug Schmelter 0-0: Fly out, F6 (Line Drive, 6, EV 63.1 MPH)
Batting: RHB Sergio Fabian 0-0: Ball
1-0: Called Strike
1-1: Foul Ball, location: 2F
1-2: Strikes out swinging
Top of the 5th over - 0 runs, 1 hit, 0 errors, 1 left on base; Victoria 5 - Roswell 0
BOTTOM OF THE 5TH
Roswell Invaders batting - Pitching for Victoria Capitals : RHP Zhao-ying Nan
Batting: RHB Jose Valdez 0-0: Swinging Strike
0-1: Swinging Strike
0-2: Ball
1-2: Foul Ball, location: 2F
1-2: Ball
2-2: Strikes out swinging
Batting: RHB Martin Berrios 0-0: Fly out, F9 (Flyball, 9D, EV 105.0 MPH)
Batting: RHB Rich Yoder 0-0: Ball
1-0: Ball
2-0: Foul Ball, location: 2F
2-1: Foul Ball, location: 2F
2-2: Strikes out looking
Bottom of the 5th over - 0 runs, 0 hits, 0 errors, 0 left on base; Victoria 5 - Roswell 0
TOP OF THE 6TH
Victoria Capitals batting - Pitching for Roswell Invaders : LHP Enrique Lopez
Batting: RHB Justin Rasmusson 0-0: Ball
1-0: Ball
2-0: Foul Ball, location: 2F
2-1: Ball
3-1: Ground out 6-3 (Groundball, 6, EV 81.3 MPH)
Batting: RHB Josh Resser 0-0: Swinging Strike
0-1: Foul Ball, location: 2F
0-2: Ball
1-2: Foul Ball, location: 2F
1-2: Strikes out swinging
Batting: LHB Ed Devine 0-0: Foul Ball, location: 2F
0-1: Called Strike
0-2: Ball
1-2: Ball
2-2: Foul Ball, location: 2F
2-2: Foul Ball, location: 2F
2-2: Ball
3-2: SINGLE (Line Drive, 8LS, EV 103.8 MPH)
Pitching: RHP Jordan Smith
Batting: SHB Zhao-ying Nan 0-0: SINGLE (Line Drive, 4D, EV 108.8 MPH)
Ed Devine to second
Batting: RHB Justin Baum 0-0: Ball
1-0: Ball
2-0: Swinging Strike
2-1: Ball
3-1: Swinging Strike
3-2: Base on Balls
Ed Devine to third
Zhao-ying Nan to second
Batting: RHB Mike McCann 0-0: Ball
1-0: Ball
2-0: Fly out, F7 (Line Drive, 7, EV 90.6 MPH)
Top of the 6th over - 0 runs, 2 hits, 0 errors, 3 left on base; Victoria 5 - Roswell 0
BOTTOM OF THE 6TH
Roswell Invaders batting - Pitching for Victoria Capitals : RHP Zhao-ying Nan
Batting: LHB Kyler Peterson 0-0: Ball
1-0: Foul Ball, location: 2F
1-1: Ball
2-1: Ground out 5-3 (Groundball, 56, EV 107.5 MPH)
Batting: RHB David Larsen 0-0: Foul Ball, location: 2F
0-1: Ball
1-1: Ball
2-1: Ground out 6-3 (Groundball, 6, EV 81.3 MPH)
Pinch Hitting: RHB Mike Dagley 0-0: Ground out 4-3 (Groundball, 4, EV 101.9 MPH)
Bottom of the 6th over - 0 runs, 0 hits, 0 errors, 0 left on base; Victoria 5 - Roswell 0
TOP OF THE 7TH
Victoria Capitals batting - Pitching for Roswell Invaders : RHP Jordan Smith
Pitching: RHP Mike Dunavant
Batting: SHB Jim Marn 0-0: Ball
1-0: Ground out 5-3 (Groundball, 56, EV 105.0 MPH)
Batting: RHB Doug Schmelter 0-0: Fly out, F8 (Flyball, 8LD, EV 94.4 MPH)
Batting: RHB Sergio Fabian 0-0: Ball
1-0: Called Strike
1-1: Swinging Strike
1-2: Strikes out swinging
Top of the 7th over - 0 runs, 0 hits, 0 errors, 0 left on base; Victoria 5 - Roswell 0
BOTTOM OF THE 7TH
Roswell Invaders batting - Pitching for Victoria Capitals : RHP Zhao-ying Nan
Batting: RHB Hector Torres 0-0: Ball
1-0: Foul Ball, location: 2F
1-1: Called Strike
1-2: Foul Ball, location: 2F
1-2: Ball
2-2: Strikes out swinging
Batting: LHB Todd Hecht 0-0: Ball
1-0: Called Strike
1-1: Ball
2-1: Foul Ball, location: 2F
2-2: Ball
3-2: Strikes out swinging
Batting: LHB Pete Dillon 0-0: Fly out, F6 (Popup, 6, EV 78.8 MPH)
Bottom of the 7th over - 0 runs, 0 hits, 0 errors, 0 left on base; Victoria 5 - Roswell 0
TOP OF THE 8TH
Victoria Capitals batting - Pitching for Roswell Invaders : RHP Mike Dunavant
Batting: RHB Justin Rasmusson 0-0: Ball
1-0: Ball
2-0: Ball
3-0: Base on Balls
Batting: RHB Josh Resser 0-0: SINGLE (Line Drive, 89S, EV 91.9 MPH)
Justin Rasmusson to second
Batting: LHB Ed Devine 0-0: Reached on error, E3 (Groundball, 34, EV 77.5 MPH)
Justin Rasmusson to third
Josh Resser to second
Batting: SHB Zhao-ying Nan 0-0: Fly out, F8 (Line Drive, 8LM, EV 96.9 MPH)
Runner from 3rd tags up, SCORES, no throw by CF
Batting: RHB Justin Baum 0-0: Ball
Wild Pitch!
Josh Resser to third
Ed Devine to second
1-0: Foul Ball, location: 2F
1-1: Ball
2-1: Foul Ball, location: 2F
2-2: Strikes out swinging
Batting: RHB Mike McCann 0-0: SINGLE (Line Drive, 7S, EV 106.3 MPH)
Josh Resser scores
Ed Devine to third
Runner from 3rd tries for Home, throw by LF and OUT! 7-2
Top of the 8th over - 2 runs, 2 hits, 1 error, 1 left on base; Victoria 7 - Roswell 0
BOTTOM OF THE 8TH
Roswell Invaders batting - Pitching for Victoria Capitals : RHP Zhao-ying Nan
Pinch Hitting: SHB Steve Ross 0-0: Ball
1-0: Foul Ball, location: 2F
1-1: Foul Ball, location: 2F
1-2: Foul Ball, location: 2F
1-2: Foul Ball, location: 2F
1-2: Strikes out looking
Batting: RHB Martin Berrios 0-0: Ground out 6-3 (Groundball, 6, EV 103.8 MPH)
Batting: RHB Rich Yoder 0-0: Ball
1-0: Foul Ball, location: 2F
1-1: Foul Ball, location: 2F
1-2: Ball
2-2: Ball
3-2: Ground out 4-3 (Groundball, 4S, EV 94.4 MPH)
Bottom of the 8th over - 0 runs, 0 hits, 0 errors, 0 left on base; Victoria 7 - Roswell 0
TOP OF THE 9TH
Victoria Capitals batting - Pitching for Roswell Invaders : RHP Mike Dunavant
Now in LF: Steve Ross
Pinch Hitting: RHB Mark Bicknell 0-0: SINGLE (Line Drive, 78S, EV 100.6 MPH)
Pinch Hitting: RHB Dan Talle 0-0: Ball
Wild Pitch!
Mark Bicknell to second
1-0: Foul Ball, location: 2F
1-1: Foul Ball, location: 2F
1-2: Ball
2-2: Foul Ball, location: 2F
2-2: Ball
Wild Pitch!
Mark Bicknell to third
3-2: Strikes out looking
Batting: RHB Sergio Fabian 0-0: Ball
1-0: Ground out 5-3 (Groundball, 56, EV 108.8 MPH)
Mark Bicknell scores
Batting: RHB Justin Rasmusson 0-0: Ground out 5-3 (Groundball, 56S, EV 90.0 MPH)
Top of the 9th over - 1 run, 1 hit, 0 errors, 0 left on base; Victoria 8 - Roswell 0
BOTTOM OF THE 9TH
Roswell Invaders batting - Pitching for Victoria Capitals : RHP Zhao-ying Nan
Now at 1B: Devin Cooper
Now in LF: Chris Wiley
Batting: LHB Kyler Peterson 0-0: Ball
1-0: Ball
2-0: Ball
3-0: Called Strike
3-1: Ground out 5-3 (Groundball, 5, EV 103.8 MPH)
Batting: RHB David Larsen 0-0: Ball
1-0: Ball
2-0: Called Strike
2-1: Ball
3-1: Base on Balls
Pinch Hitting: LHB Zachary Lipscomb 0-0: Ball
1-0: SINGLE (Line Drive, 78M, EV 90.0 MPH)
David Larsen to second
Pitching: RHP Bob Stover
Batting: RHB Hector Torres 0-0: Foul Ball, location: 2F
0-1: Ball
1-1: Fly out, F4 (Popup, 4M, EV 70.6 MPH)
Batting: LHB Todd Hecht 0-0: Ball
1-0: Foul Ball, location: 2F
1-1: Ball
2-1: Foul Ball, location: 2F
2-2: Strikes out swinging
Bottom of the 9th over - 0 runs, 1 hit, 0 errors, 2 left on base; Victoria 8 - Roswell 0
Sunday, July 16th , 2023 - OOTP Baseball 24.6 Build 69